AoeStats
← [GDL] Maldito Pantoja

Lombardia

508241958Analyzed
4v4 RM · 11d ago on Sep 21, 2026· 18m 34s· 8 players
Game mode
Random Map
Map size
Large (8 player)
Population
200
Speed
Normal
Resources
Standard
Victory
Conquest
Starting age
Dark Age
Ending age
Imperial Age
RankedLock teamsTeams togetherTeam positionsShared explorationLock speedFull tech treeHidden civsTurbo modeCheats
Victory
Defeat
🇲🇽 Magyars · Mexico
1144
+16
🇸🇪 Mongols · Sweden
1134
+17
🇩🇪 Turks · Germany
1125
+17
🇸🇪 Bohemians · Sweden
1083
+19
🇺🇸 Britons · United States
1198
-19
🇪🇸 Japanese · Spain
1161
-18
🇯🇵 Teutons · Japan
1159
-18
🇦🇷 Saracens · Argentina
1078
-14
[GDL] Maldito Pantoja
7:36 Loom
10:18 Feudal Age
Masel
11:33 Feudal Age
13:02 Double-Bit Axe
18:36 Castle Age
18:07 Horse Collar
[RbF] Stickly
7:38 Loom
12:48 Feudal Age
17:37 Castle Age
15:53 Double-Bit Axe
15:48 Horse Collar
17:12 Wheelbarrow
[RbF] Woid
2:31 Loom
12:15 Feudal Age
17:30 Castle Age
16:03 Horse Collar
16:13 Double-Bit Axe
18:35 Wheelbarrow
CarterDaGawd
12:06 Feudal Age
13:16 Double-Bit Axe
13:53 Loom
16:13 Castle Age
14:04 Horse Collar
18:19 Bow Saw
kibusi
9:22 Loom
11:56 Feudal Age
16:00 Castle Age
14:24 Horse Collar
14:40 Double-Bit Axe
17:10 Scale Barding Armor
17:44 Forging
COBREL8A
10:23 Feudal Age
12:00 Loom
15:08 Castle Age
escorpio_89_32
1:44 Loom
9:56 Feudal Age
13:00 Double-Bit Axe
17:37 Castle Age
16:13 Stone Mining
16:47 Horse Collar
Connection lost

Rejoining the realm…

Still unreachable

The connection could not be restored.

Session expired

The server has moved on; the page needs a fresh start.